Predators vs Senateurs
(R1)
Created - 2 avril 2017 at 22:16
Goals
|
| Predators |
1 |
2 |
2 |
5 |
| Senateurs |
1 |
2 |
0 |
3 |
|
Shots
|
| Predators |
9 |
13 |
16 |
38 |
| Senateurs |
16 |
9 |
6 |
31 |
|
1st period
1. Predators , Alexander Edler 4 (Byron Bitz, Alexander Ovechkin) at 0:36
2. Senateurs , Darcy Hordichuk 13 (George Parros, Carlo Colaiacovo) at 3:14
Penalties :
James Van Riemsdyk (Nas) for Holding (Minor) at 11:59
2nd period
3. Predators , Niclas Bergfors 29 (Alexander Edler, Alexander Ovechkin) at 10:19 (PP)
4. Senateurs , Gilbert Brule 41 (Vitaly Vishnevsky, Carlo Colaiacovo) at 12:05
5. Predators , Byron Bitz 26 (Mikael Granlund) at 15:18
6. Senateurs , Ryan Bayda 13 (Kurtis Foster, Brandon Dubinsky) at 19:37
Penalties :
Brenden Morrow (Ott) for Holding (Minor) at 2:58, Alexander Steen (Nas) for Hooking (Minor) at 8:33, Kurtis Foster (Ott) for High sticking (Minor) at 8:56, Vitaly Vishnevsky (Ott) for Slashing (Minor) at 10:00, Dan Hamhuis (Ott) for Tripping (Minor) at 15:31
3rd period
7. Predators , Alexander Ovechkin 35 (Ryan Kesler, Niclas Bergfors) at 6:26 (PP)
8. Predators , Blake Geoffrion 1 (Chris Lawrence, Christian Ehrhoff) at 12:16
Penalties :
Kurtis Foster (Ott) for Hooking (Minor) at 2:36, Dan Girardi (Ott) for High sticking (Minor) at 6:18, Carlo Colaiacovo (Ott) for Kneeing (Minor) at 12:19, Kurtis Foster (Ott) for Slashing (Minor) at 14:42, Brad Richards (Ott) for High sticking (Minor) at 16:06
Goalie Stats
Chad Johnson (Nas), 28 saves from 31 shots - (0,903), W, 1-2-0, 60:00 minutes
Ondrej Pavelec (Ott), 33 saves from 38 shots - (0,868), L, 23-19-5, 60:00 minutes
Players Stats for Predators
Player Name G A P +/- PIM S H SB GA TA FO MP PP MP PK MP
------------------------------------------------------------------------------------
Alexander Edler 1 1 2 -1 0 2 0 1 0 0 0/0 24:22 5:17 1:21
Alexander Ovechkin 1 2 3 -2 0 9 3 0 0 1 3/6 24:09 7:11 1:29
Alexander Steen 0 0 0 0 2 2 3 2 2 0 0/0 11:04 0:08 0:18
Andy Miele 0 0 0 0 0 0 1 0 3 0 3/5 11:13 0:00 0:35
Blake Geoffrion 1 0 1 1 0 3 1 0 0 0 0/0 7:14 0:00 0:00
Bobby Sanguinetti 0 0 0 -2 0 1 0 0 0 1 0/0 20:03 4:49 0:00
Brett Clark 0 0 0 2 0 0 3 1 0 0 0/0 12:43 0:00 1:01
Byron Bitz 1 1 2 1 0 2 3 2 3 0 0/0 17:46 5:43 0:29
Chris Lawrence 0 1 1 1 0 1 1 0 0 0 0/0 7:33 0:00 0:00
Christian Ehrhoff 0 1 1 2 0 0 1 0 1 0 0/0 20:18 7:37 0:00
David Jones 0 0 0 0 0 1 2 0 0 1 0/0 10:14 0:00 0:00
James Van Riemsdyk 0 0 0 1 2 2 2 0 0 0 0/0 16:51 5:43 0:00
John Moore 0 0 0 -1 0 2 1 1 0 0 0/0 15:16 0:00 1:01
Kris Vernarsky 0 0 0 1 0 1 0 1 0 0 1/3 7:14 0:00 0:00
Mikael Granlund 0 1 1 1 0 1 0 0 0 0 8/19 17:40 5:43 0:32
Niclas Bergfors 1 1 2 -2 0 5 3 1 0 1 3/7 22:25 7:11 0:00
Ryan Kesler 0 1 1 -2 0 4 0 0 1 1 15/29 22:37 7:03 1:21
Ryan Mcdonagh 0 0 0 0 0 2 0 1 0 0 0/0 27:18 8:05 1:21
Players Stats for Senateurs
Player Name G A P +/- PIM S H SB GA TA FO MP PP MP PK MP
------------------------------------------------------------------------------------
B.J. Crombeen 0 0 0 -3 0 3 1 0 0 0 0/1 12:30 0:48 0:00
Brad Richards 0 0 0 -3 2 0 2 1 0 1 12/22 19:46 0:48 6:51
Brandon Dubinsky 0 1 1 1 0 1 3 1 0 0 7/11 11:04 0:00 0:33
Brenden Morrow 0 0 0 -2 2 1 1 0 0 0 0/0 16:02 0:48 3:35
Carlo Colaiacovo 0 2 2 0 2 1 0 0 0 0 0/0 21:06 0:46 4:20
Dan Girardi 0 0 0 0 2 0 1 0 0 3 0/0 13:44 0:00 2:10
Dan Hamhuis 0 0 0 0 2 0 2 0 0 0 0/0 27:29 1:36 6:56
Darcy Hordichuk 1 0 1 1 0 4 0 0 0 0 0/1 8:03 0:13 1:00
George Parros 0 1 1 1 0 3 2 0 1 0 0/0 8:43 0:13 2:02
Gilbert Brule 1 0 1 1 0 3 1 1 0 0 10/24 20:02 1:21 3:18
Johan Franzen 0 0 0 0 0 0 1 0 0 0 2/3 15:57 1:21 0:00
Kurtis Foster 0 1 1 0 6 0 1 2 0 0 0/0 24:49 1:35 4:51
Mike Fisher 0 0 0 1 0 1 1 0 0 0 1/1 5:57 0:00 0:00
Milan Hejduk 0 0 0 1 0 2 2 0 1 0 1/1 11:00 0:13 0:00
Ryan Bayda 1 0 1 1 0 6 1 0 1 0 0/0 10:36 0:00 0:01
Thomas Vanek 0 0 0 0 0 3 3 2 1 2 3/5 24:28 1:21 7:56
Vitaly Vishnevsky 0 1 1 0 2 3 2 0 1 3 0/0 22:05 0:46 5:29
Vladimir Mihalik 0 0 0 1 0 0 0 2 0 1 0/0 11:06 0:00 2:55
3 Stars
1 - Byron Bitz (Nas)
2 - Alexander Ovechkin (Nas)
3 - Niclas Bergfors (Nas)
Power Play
Predators - 2 on 9 Attempt(s) - 22,22%
Senateurs - 0 on 2 Attempt(s) - 0,00%
Penalty Kill
Predators - 2 on 2 Attempt(s) - 100,00%
- Score 0 goal in Penalty Kill
Senateurs - 7 on 9 Attempt(s) - 77,78%
- Score 0 goal in Penalty Kill
Team Stat
Predators - Hits : 24 - Faceoff Wins : 33 - Blocked Shots : 10 - Penalty Minutes : 4
Senateurs - Hits : 24 - Faceoff Wins : 36 - Blocked Shots : 9 - Penalty Minutes : 18
Official
Referees : Watson Brad and Joannette Marc
Linesman : Jonny Murray and Brian Mach
Game Notes
Vladimir Mihalik is injured at 3:05 of 3rd period (Left Foot)
Finance
Level 1 -- Attendance: 6000 (100,00%) -- Ticket Income 480 000 $
Level 2 -- Attendance: 5000 (100,00%) -- Ticket Income 250 000 $
Level 3 -- Attendance: 1931 (96,55%) -- Ticket Income 57 930 $
Level 4 -- Attendance: 4000 (100,00%) -- Ticket Income 80 000 $
Luxury Box -- Attendance: 1000 (100,00%) -- Ticket Income 155 000 $
Game was played at the Place Banque Scotia.
Total Attendance: 17931 (99,62%)
Total Ticket Income: 1 022 930 $
Other Income: 153 440 $
Total Income: 1 176 370 $
Predators
5 vs 5 Forward
Center Left Wing Right Wing Time % Phy DF OF
1 Ryan Kesler Alexander Ovechkin Niclas Bergfors 40 1 2 2
2 Mikael Granlund James Van Riemsdyk Byron Bitz 30 1 2 2
3 Andy Miele Alexander Steen David Jones 20 1 2 2
4 Kris Vernarsky Blake Geoffrion Chris Lawrence 10 1 2 2
5 vs 5 Defense
Defense Defense Time % Phy DF OF
1 Alexander Edler Ryan Mcdonagh 40 1 2 2
2 Bobby Sanguinetti John Moore 30 1 2 2
3 Christian Ehrhoff Brett Clark 20 1 2 2
4 Christian Ehrhoff Brett Clark 10 1 2 2
PowerPlay Forward
Center Left Wing Right Wing Time % Phy DF OF
1 Ryan Kesler Alexander Ovechkin Niclas Bergfors 60 1 0 4
2 Mikael Granlund James Van Riemsdyk Byron Bitz 40 1 0 4
PowerPlay Defense
Defense Defense Time % Phy DF OF
1 Christian Ehrhoff Ryan Mcdonagh 60 0 1 4
2 Bobby Sanguinetti Alexander Edler 40 0 1 4
Penalty Kill 4 Players Forward
Center Wing Time % Phy DF OF
1 Ryan Kesler Alexander Ovechkin 60 1 2 2
2 Andy Miele Byron Bitz 40 1 2 2
Penalty Kill 4 Players Defense
Defense Defense Time % Phy DF OF
1 Alexander Edler Ryan Mcdonagh 60 1 1 3
2 Brett Clark John Moore 40 1 1 3
Penalty Kill - 3 Players Forward
Forward Time % Phy DF OF
1 Byron Bitz 60 2 3 0
2 Alexander Ovechkin 40 1 3 1
Penalty Kill - 3 Players Defense
Defense Defense Time % Phy DF OF
1 Alexander Edler Ryan Mcdonagh 60 1 1 3
2 Brett Clark John Moore 40 1 1 3
4 vs 4 Forward
Center Wing Time % Phy DF OF
1 Alexander Ovechkin Niclas Bergfors 60 1 2 2
2 Ryan Kesler Byron Bitz 40 1 2 2
4 vs 4 Defense
Defense Defense Time % Phy DF OF
1 Alexander Edler Ryan Mcdonagh 60 1 2 2
2 Bobby Sanguinetti John Moore 40 1 2 2
Last Minutes Offensive
Center Left Wing Right Wing Defense Defense
Ryan Kesler Alexander Ovechkin Niclas Bergfors Alexander Edler Ryan Mcdonagh
Last Minutes Defensive
Center Left Wing Right Wing Defense Defense
Kris Vernarsky Alexander Ovechkin Byron Bitz Ryan Mcdonagh Brett Clark
Goaltenders
Starting : Chad Johnson
Backup : Viktor Fasth
Extra Forwards
Normal : Alexander Ovechkin, Byron Bitz, Andy Miele - PP : Alexander Ovechkin, Ryan Kesler - PK : Andy Miele
Extra Defensemen
Normal : Alexander Edler, Ryan Mcdonagh, John Moore - PP : Alexander Edler - PK : John Moore, Christian Ehrhoff
Penalty Shots
Alexander Ovechkin, Niclas Bergfors, Ryan Kesler, Andy Miele, Alexander Steen
Senateurs
5 vs 5 Forward
Center Left Wing Right Wing Time % Phy DF OF
1 Gilbert Brule Thomas Vanek Johan Franzen 40 1 2 2
2 Brad Richards Brenden Morrow B.J. Crombeen 30 1 2 2
3 Brandon Dubinsky Ryan Bayda Milan Hejduk 20 1 2 2
4 Mike Fisher Darcy Hordichuk George Parros 10 1 2 2
5 vs 5 Defense
Defense Defense Time % Phy DF OF
1 Kurtis Foster Dan Hamhuis 40 1 2 2
2 Vitaly Vishnevsky Carlo Colaiacovo 30 1 2 2
3 Dan Girardi Vladimir Mihalik 20 1 2 2
4 Kurtis Foster Dan Hamhuis 10 1 2 2
PowerPlay Forward
Center Left Wing Right Wing Time % Phy DF OF
1 Gilbert Brule Thomas Vanek Johan Franzen 60 0 2 3
2 Brad Richards Brenden Morrow B.J. Crombeen 40 0 2 3
PowerPlay Defense
Defense Defense Time % Phy DF OF
1 Kurtis Foster Dan Hamhuis 60 0 2 3
2 Vitaly Vishnevsky Carlo Colaiacovo 40 0 2 3
Penalty Kill 4 Players Forward
Center Wing Time % Phy DF OF
1 Brad Richards Thomas Vanek 60 1 2 2
2 Gilbert Brule Brenden Morrow 40 1 2 2
Penalty Kill 4 Players Defense
Defense Defense Time % Phy DF OF
1 Kurtis Foster Dan Hamhuis 60 1 2 2
2 Vitaly Vishnevsky Carlo Colaiacovo 40 1 2 2
Penalty Kill - 3 Players Forward
Forward Time % Phy DF OF
1 Thomas Vanek 60 1 2 2
2 Brad Richards 40 1 2 2
Penalty Kill - 3 Players Defense
Defense Defense Time % Phy DF OF
1 Kurtis Foster Dan Hamhuis 60 1 2 2
2 Vitaly Vishnevsky Carlo Colaiacovo 40 1 2 2
4 vs 4 Forward
Center Wing Time % Phy DF OF
1 Gilbert Brule Thomas Vanek 60 1 2 2
2 Brad Richards Johan Franzen 40 1 2 2
4 vs 4 Defense
Defense Defense Time % Phy DF OF
1 Kurtis Foster Dan Hamhuis 60 1 2 2
2 Vitaly Vishnevsky Carlo Colaiacovo 40 1 2 2
Last Minutes Offensive
Center Left Wing Right Wing Defense Defense
Brad Richards Thomas Vanek Johan Franzen Kurtis Foster Dan Hamhuis
Last Minutes Defensive
Center Left Wing Right Wing Defense Defense
Brad Richards Thomas Vanek Johan Franzen Kurtis Foster Dan Hamhuis
Goaltenders
Starting : Ondrej Pavelec
Backup : Maxime Daigneault
Extra Forwards
Normal : Darcy Hordichuk, Milan Hejduk, George Parros - PP : Darcy Hordichuk, Milan Hejduk - PK : George Parros
Extra Defensemen
Normal : Dan Girardi, Vladimir Mihalik, Vitaly Vishnevsky - PP : Dan Girardi - PK : Vladimir Mihalik, Vitaly Vishnevsky
Penalty Shots
Thomas Vanek, Brad Richards, Gilbert Brule, Brenden Morrow, Johan Franzen
% Time on Ice - Predators
Lines # - Real PCT - Wanted PCT - Time Play
Normal Forward
1 - 34% - 40% - 14:40
2 - 26% - 30% - 11:00
3 - 24% - 20% - 10:14
4 - 17% - 10% - 7:14
Normal Defense
1 - 37% - 40% - 15:45
2 - 35% - 30% - 15:14
3 - 21% - 20% - 8:56
4 - 7% - 10% - 3:13
PP Forward
1 - 56% - 60% - 7:11
2 - 44% - 40% - 5:43
PP Defense
1 - 63% - 60% - 8:05
2 - 37% - 40% - 4:49
PK Forward
1 - 80% - 60% - 1:53
2 - 20% - 40% - 0:29
PK Defense
1 - 57% - 60% - 1:21
2 - 43% - 40% - 1:01
PK3 Forward
1 - 0% - 60%
2 - 0% - 40%
PK3 Defense
1 - 0% - 60%
2 - 0% - 40%
44 Forward
1 - 80% - 60% - 1:17
2 - 20% - 40% - 0:19
44 Defense
1 - 74% - 60% - 1:11
2 - 26% - 40% - 0:25
Last Minute Offensive - 0:00
Last Minute Defensive - 0:00
Total
Forward - 60:00
Defense - 60:00
|
% Time on Ice - Senateurs
Lines # - Real PCT - Wanted PCT - Time Play
Normal Forward
1 - 33% - 40% - 14:26
2 - 29% - 30% - 12:18
3 - 24% - 20% - 10:27
4 - 14% - 10% - 5:57
Normal Defense
1 - 39% - 40% - 16:40
2 - 33% - 30% - 14:02
3 - 27% - 20% - 11:36
4 - 2% - 10% - 0:50
PP Forward
1 - 66% - 60% - 1:34
2 - 34% - 40% - 0:48
PP Defense
1 - 68% - 60% - 1:36
2 - 32% - 40% - 0:46
PK Forward
1 - 74% - 60% - 9:08
2 - 26% - 40% - 3:11
PK Defense
1 - 69% - 60% - 8:27
2 - 31% - 40% - 3:52
PK3 Forward
1 - 100% - 60% - 0:54
2 - 0% - 40% - 0:00
PK3 Defense
1 - 100% - 60% - 0:54
2 - 0% - 40% - 0:00
44 Forward
1 - 71% - 60% - 0:55
2 - 29% - 40% - 0:22
44 Defense
1 - 60% - 60% - 0:46
2 - 40% - 40% - 0:31
Last Minute Offensive - 0:00
Last Minute Defensive - 0:00
Total
Forward - 60:00
Defense - 60:00
|
Play by Play
1st period
0:01 of 1st period - Ryan Kesler wins face-off versus Gilbert Brule in neutral zone.
0:36 of 1st period - Slapshot by Alexander Edler.
0:36 of 1st period - Goal by Alexander Edler - Predators : 1 - Senateurs : 0.
0:37 of 1st period - Andy Miele wins face-off versus Brandon Dubinsky in neutral zone.
1:53 of 1st period - Snap shot by James Van Riemsdyk.
1:53 of 1st period - Stopped by Ondrej Pavelec without a rebound.
1:54 of 1st period - Niclas Bergfors wins face-off versus Brandon Dubinsky in Senateurs zone.
1:57 of 1st period - Slapshot by Niclas Bergfors.
1:57 of 1st period - Stopped by Ondrej Pavelec without a rebound.
1:58 of 1st period - Brandon Dubinsky wins face-off versus Ryan Kesler in Senateurs zone.
2:03 of 1st period - Christian Ehrhoff is hit by Brandon Dubinsky and loses puck.
3:14 of 1st period - Snap shot by Darcy Hordichuk.
3:14 of 1st period - Goal by Darcy Hordichuk - Predators : 1 - Senateurs : 1.
3:15 of 1st period - Ryan Kesler wins face-off versus Johan Franzen in neutral zone.
3:22 of 1st period - Wrist shot by Thomas Vanek.
3:22 of 1st period - Shot Misses the Net.
3:24 of 1st period - Wrist shot by Thomas Vanek.
3:24 of 1st period - Stopped by Chad Johnson without a rebound.
3:25 of 1st period - Gilbert Brule wins face-off versus Ryan Kesler in Predators zone.
3:52 of 1st period - Wrist shot by Gilbert Brule.
3:52 of 1st period - Stopped by Chad Johnson with a rebound.
4:27 of 1st period - Backhand shot by Thomas Vanek.
4:27 of 1st period - Shot Blocked by Alexander Edler.
4:29 of 1st period - Slapshot by Kurtis Foster.
4:29 of 1st period - Deflect By Thomas Vanek.
4:29 of 1st period - Shot Misses the Net.
4:29 of 1st period - Puck is out of play.
4:30 of 1st period - Brad Richards wins face-off versus Mikael Granlund in Predators zone.
4:45 of 1st period - Slapshot by James Van Riemsdyk.
4:45 of 1st period - Stopped by Ondrej Pavelec without a rebound.
4:46 of 1st period - Brandon Dubinsky wins face-off versus Andy Miele in Senateurs zone.
4:46 of 1st period - Brandon Dubinsky is hit by Brett Clark.
5:15 of 1st period - Snap shot by B.J. Crombeen.
5:15 of 1st period - Stopped by Chad Johnson with a rebound.
5:17 of 1st period - Slapshot by B.J. Crombeen.
5:17 of 1st period - Stopped by Chad Johnson without a rebound.
5:18 of 1st period - Mikael Granlund wins face-off versus Brad Richards in Predators zone.
5:29 of 1st period - Snap shot by Brenden Morrow.
5:29 of 1st period - Stopped by Chad Johnson without a rebound.
5:30 of 1st period - Mike Fisher wins face-off versus Mikael Granlund in Predators zone.
5:33 of 1st period - Wrist shot by Mike Fisher.
5:33 of 1st period - Shot Misses the Net.
5:41 of 1st period - Slapshot by Alexander Edler.
5:41 of 1st period - Stopped by Ondrej Pavelec without a rebound.
5:42 of 1st period - Brad Richards wins face-off versus Niclas Bergfors in Senateurs zone.
5:42 of 1st period - Brad Richards is hit by Niclas Bergfors.
5:56 of 1st period - Slapshot by Ryan Kesler.
5:56 of 1st period - Shot Misses the Net.
5:58 of 1st period - Snap shot by John Moore.
5:58 of 1st period - Shot Misses the Net.
6:08 of 1st period - Bobby Sanguinetti is hit by Milan Hejduk.
6:14 of 1st period - Wrist shot by Milan Hejduk.
6:14 of 1st period - Stopped by Chad Johnson with a rebound.
6:16 of 1st period - Slapshot by Vitaly Vishnevsky.
6:16 of 1st period - Stopped by Chad Johnson with a rebound.
6:32 of 1st period - Wrist shot by Darcy Hordichuk.
6:32 of 1st period - Shot Misses the Net.
6:34 of 1st period - Slapshot by Dan Girardi.
6:34 of 1st period - Shot Misses the Net.
6:36 of 1st period - Wrist shot by Darcy Hordichuk.
6:36 of 1st period - Stopped by Chad Johnson with a rebound.
6:38 of 1st period - Snap shot by Mike Fisher.
6:38 of 1st period - Stopped by Chad Johnson with a rebound.
6:40 of 1st period - Slapshot by Vladimir Mihalik.
6:40 of 1st period - Shot Blocked by Alexander Steen.
6:42 of 1st period - Wrist shot by George Parros.
6:42 of 1st period - Stopped by Chad Johnson without a rebound.
6:43 of 1st period - Gilbert Brule wins face-off versus Mikael Granlund in Predators zone.
7:25 of 1st period - Snap shot by Gilbert Brule.
7:25 of 1st period - Shot Hit the Post.
7:37 of 1st period - Thomas Vanek is hit by Alexander Ovechkin and loses puck.
7:44 of 1st period - Wrist shot by Ryan Kesler.
7:44 of 1st period - Stopped by Ondrej Pavelec with a rebound.
7:46 of 1st period - Slapshot by Brett Clark.
7:46 of 1st period - Shot Misses the Net.
7:48 of 1st period - Slapshot by Brett Clark.
7:48 of 1st period - Deflect By Ryan Kesler.
7:48 of 1st period - Shot Blocked by Vladimir Mihalik.
7:48 of 1st period - Puck is out of play.
7:49 of 1st period - Brad Richards wins face-off versus Mikael Granlund in Senateurs zone.
8:00 of 1st period - Slapshot by Vitaly Vishnevsky.
8:00 of 1st period - Stopped by Chad Johnson without a rebound.
8:01 of 1st period - Brandon Dubinsky wins face-off versus Ryan Kesler in Predators zone.
8:18 of 1st period - Wrist shot by Ryan Kesler.
8:18 of 1st period - Stopped by Ondrej Pavelec without a rebound.
8:19 of 1st period - Brad Richards wins face-off versus Mikael Granlund in Senateurs zone.
8:44 of 1st period - Carlo Colaiacovo is hit by Alexander Ovechkin and loses puck.
8:51 of 1st period - Snap shot by Niclas Bergfors.
8:51 of 1st period - Stopped by Ondrej Pavelec without a rebound.
8:52 of 1st period - Brad Richards wins face-off versus Niclas Bergfors in Senateurs zone.
8:57 of 1st period - Wrist shot by B.J. Crombeen.
8:57 of 1st period - Stopped by Chad Johnson with a rebound.
9:24 of 1st period - Snap shot by Gilbert Brule.
9:24 of 1st period - Shot Blocked by Byron Bitz.
9:53 of 1st period - Icing by John Moore.
9:54 of 1st period - Andy Miele wins face-off versus Brad Richards in Predators zone.
10:58 of 1st period - Brenden Morrow is hit by Alexander Steen and loses puck.
11:08 of 1st period - Off-side.
11:09 of 1st period - Gilbert Brule wins face-off versus Niclas Bergfors in neutral zone.
11:39 of 1st period - Kurtis Foster is hit by James Van Riemsdyk.
11:59 of 1st period - Minor Penalty to James Van Riemsdyk for Holding.
12:00 of 1st period - Gilbert Brule wins face-off versus Ryan Kesler in Predators zone.
12:27 of 1st period - John Moore is hit by Brad Richards and loses puck.
13:26 of 1st period - Gilbert Brule is hit by Byron Bitz and loses puck.
13:56 of 1st period - John Moore is hit by George Parros and loses puck.
13:59 of 1st period - Penalty to James Van Riemsdyk is over, James Van Riemsdyk is back on ice.
14:53 of 1st period - Milan Hejduk is hit by Blake Geoffrion and loses puck.
16:19 of 1st period - Andy Miele is hit by Dan Girardi and loses puck.
16:42 of 1st period - Byron Bitz is hit by B.J. Crombeen and loses puck.
17:29 of 1st period - Ryan Mcdonagh is hit by Ryan Bayda and loses puck.
17:40 of 1st period - Slapshot by Milan Hejduk.
17:40 of 1st period - Deflect By Ryan Bayda.
17:40 of 1st period - Stopped by Chad Johnson without a rebound.
17:41 of 1st period - Gilbert Brule wins face-off versus Ryan Kesler in Predators zone.
17:44 of 1st period - Snap shot by Johan Franzen.
17:44 of 1st period - Shot Misses the Net.
18:20 of 1st period - Dan Hamhuis is hit by John Moore and loses puck.
18:37 of 1st period - Wrist shot by George Parros.
18:37 of 1st period - Stopped by Chad Johnson without a rebound.
18:38 of 1st period - Ryan Kesler wins face-off versus Darcy Hordichuk in Predators zone.
18:38 of 1st period - Ryan Kesler is hit by Mike Fisher.
19:02 of 1st period - Snap shot by George Parros.
19:02 of 1st period - Stopped by Chad Johnson with a rebound.
19:14 of 1st period - Snap shot by Ryan Kesler.
19:14 of 1st period - Shot Misses the Net.
19:16 of 1st period - Backhand shot by John Moore.
19:16 of 1st period - Stopped by Ondrej Pavelec without a rebound.
19:17 of 1st period - Gilbert Brule wins face-off versus Mikael Granlund in Senateurs zone.
19:26 of 1st period - Snap shot by Thomas Vanek.
19:26 of 1st period - Shot Misses the Net.
19:34 of 1st period - Ryan Mcdonagh is hit by Johan Franzen and loses puck.
19:41 of 1st period - Thomas Vanek is hit by James Van Riemsdyk and loses puck.
Goals for this period are 1 for Predators vs 1 for Senateurs.
Shots for this period are 9 for Predators vs 16 for Senateurs.
2nd period
0:01 of 2nd period - Ryan Kesler wins face-off versus Gilbert Brule in neutral zone.
0:06 of 2nd period - Snap shot by Alexander Ovechkin.
0:06 of 2nd period - Stopped by Ondrej Pavelec with a rebound.
0:08 of 2nd period - Slapshot by Niclas Bergfors.
0:08 of 2nd period - Stopped by Ondrej Pavelec without a rebound.
0:09 of 2nd period - Ryan Kesler wins face-off versus Gilbert Brule in Senateurs zone.
0:38 of 2nd period - Snap shot by Alexander Ovechkin.
0:38 of 2nd period - Shot Misses the Net.
0:40 of 2nd period - Snap shot by Ryan Mcdonagh.
0:40 of 2nd period - Shot Blocked by Gilbert Brule.
0:42 of 2nd period - Snap shot by Alexander Ovechkin.
0:42 of 2nd period - Stopped by Ondrej Pavelec with a rebound.
0:53 of 2nd period - Off-side.
0:54 of 2nd period - Brad Richards wins face-off versus Mikael Granlund in neutral zone.
1:21 of 2nd period - Milan Hejduk is hit by Andy Miele and loses puck.
1:44 of 2nd period - Snap shot by Chris Lawrence.
1:44 of 2nd period - Shot Misses the Net.
2:06 of 2nd period - Snap shot by Brenden Morrow.
2:06 of 2nd period - Shot Blocked by Niclas Bergfors.
2:08 of 2nd period - Slapshot by Carlo Colaiacovo.
2:08 of 2nd period - Deflect By Niclas Bergfors.
2:08 of 2nd period - Stopped by Chad Johnson with a rebound.
2:10 of 2nd period - Slapshot by Carlo Colaiacovo.
2:10 of 2nd period - Shot Blocked by Ryan Mcdonagh.
2:12 of 2nd period - Slapshot by Carlo Colaiacovo.
2:12 of 2nd period - Shot Misses the Net.
2:14 of 2nd period - Slapshot by Carlo Colaiacovo.
2:14 of 2nd period - Deflect By B.J. Crombeen.
2:14 of 2nd period - Shot Misses the Net.
2:14 of 2nd period - Puck is out of play.
2:15 of 2nd period - Mikael Granlund wins face-off versus Gilbert Brule in Predators zone.
2:15 of 2nd period - Mikael Granlund is hit by Kurtis Foster.
2:58 of 2nd period - Minor Penalty to Brenden Morrow for Holding.
2:59 of 2nd period - Brad Richards wins face-off versus Ryan Kesler in Senateurs zone.
2:59 of 2nd period - Brad Richards is hit by Alexander Ovechkin.
4:58 of 2nd period - Penalty to Brenden Morrow is over, Brenden Morrow is back on ice.
5:31 of 2nd period - Bobby Sanguinetti is hit by Thomas Vanek and loses puck.
5:37 of 2nd period - Off-side.
5:38 of 2nd period - Brad Richards wins face-off versus Kris Vernarsky in neutral zone.
5:53 of 2nd period - Snap shot by Blake Geoffrion.
5:53 of 2nd period - Stopped by Ondrej Pavelec with a rebound.
6:03 of 2nd period - John Moore is hit by George Parros and loses puck.
6:48 of 2nd period - Snap shot by Niclas Bergfors.
6:48 of 2nd period - Shot Blocked by Kurtis Foster.
6:50 of 2nd period - Snap shot by Ryan Kesler.
6:50 of 2nd period - Shot Blocked by Kurtis Foster.
6:52 of 2nd period - Wrist shot by Ryan Kesler.
6:52 of 2nd period - Shot Misses the Net.
7:08 of 2nd period - Wrist shot by Kurtis Foster.
7:08 of 2nd period - Deflect By Milan Hejduk.
7:08 of 2nd period - Shot Blocked by Brett Clark.
7:08 of 2nd period - Puck is out of play.
7:09 of 2nd period - Brandon Dubinsky wins face-off versus Kris Vernarsky in Predators zone.
7:12 of 2nd period - Slapshot by Ryan Bayda.
7:12 of 2nd period - Shot Misses the Net.
7:55 of 2nd period - Icing by Brett Clark.
7:56 of 2nd period - Brad Richards wins face-off versus Mikael Granlund in Predators zone.
8:27 of 2nd period - Gilbert Brule is hit by Alexander Steen and loses puck.
8:33 of 2nd period - Minor Penalty to Alexander Steen for Hooking.
8:34 of 2nd period - Ryan Kesler wins face-off versus Gilbert Brule in Predators zone.
8:34 of 2nd period - Ryan Kesler is hit by Dan Hamhuis.
8:44 of 2nd period - Alexander Edler is hit by Thomas Vanek.
8:56 of 2nd period - Minor Penalty to Kurtis Foster for High sticking.
8:57 of 2nd period - Alexander Ovechkin wins face-off versus Gilbert Brule in Senateurs zone.
9:02 of 2nd period - Snap shot by Niclas Bergfors.
9:02 of 2nd period - Stopped by Ondrej Pavelec without a rebound.
9:03 of 2nd period - Gilbert Brule wins face-off versus Alexander Ovechkin in Senateurs zone.
10:00 of 2nd period - Minor Penalty to Vitaly Vishnevsky for Slashing.
10:01 of 2nd period - Thomas Vanek wins face-off versus Alexander Ovechkin in Senateurs zone.
10:11 of 2nd period - Off-side.
10:12 of 2nd period - Alexander Ovechkin wins face-off versus Thomas Vanek in neutral zone.
10:15 of 2nd period - Wrist shot by Alexander Ovechkin.
10:15 of 2nd period - Stopped by Ondrej Pavelec with a rebound.
10:17 of 2nd period - Slapshot by Alexander Edler.
10:17 of 2nd period - Shot Misses the Net.
10:19 of 2nd period - Snap shot by Niclas Bergfors.
10:19 of 2nd period - Goal by Niclas Bergfors - Predators : 2 - Senateurs : 1.
10:20 of 2nd period - Gilbert Brule wins face-off versus Alexander Ovechkin in neutral zone.
10:33 of 2nd period - Penalty to Alexander Steen is over, Alexander Steen is back on ice.
10:34 of 2nd period - Snap shot by Thomas Vanek.
10:34 of 2nd period - Stopped by Chad Johnson with a rebound.
10:36 of 2nd period - Slapshot by Dan Hamhuis.
10:36 of 2nd period - Shot Blocked by Alexander Steen.
10:46 of 2nd period - Slapshot by Ryan Mcdonagh.
10:46 of 2nd period - Stopped by Ondrej Pavelec with a rebound.
11:31 of 2nd period - Icing by James Van Riemsdyk.
11:32 of 2nd period - Mikael Granlund wins face-off versus Brad Richards in Predators zone.
12:00 of 2nd period - Penalty to Vitaly Vishnevsky is over, Vitaly Vishnevsky is back on ice.
12:03 of 2nd period - Wrist shot by Vitaly Vishnevsky.
12:03 of 2nd period - Shot Blocked by Byron Bitz.
12:05 of 2nd period - Wrist shot by Gilbert Brule.
12:05 of 2nd period - Goal by Gilbert Brule - Predators : 2 - Senateurs : 2.
12:06 of 2nd period - Alexander Ovechkin wins face-off versus Gilbert Brule in neutral zone.
12:09 of 2nd period - Gilbert Brule is hit by Niclas Bergfors and loses puck.
12:58 of 2nd period - Alexander Edler is hit by Vitaly Vishnevsky and loses puck.
13:57 of 2nd period - Brad Richards is hit by David Jones and loses puck.
14:24 of 2nd period - Wrist shot by Byron Bitz.
14:24 of 2nd period - Shot Misses the Net.
14:26 of 2nd period - Wrist shot by Mikael Granlund.
14:26 of 2nd period - Stopped by Ondrej Pavelec with a rebound.
14:28 of 2nd period - Slapshot by Bobby Sanguinetti.
14:28 of 2nd period - Shot Misses the Net.
14:30 of 2nd period - Snap shot by Mikael Granlund.
14:30 of 2nd period - Shot Misses the Net.
14:46 of 2nd period - Snap shot by Darcy Hordichuk.
14:46 of 2nd period - Stopped by Chad Johnson with a rebound.
14:48 of 2nd period - Wrist shot by Mike Fisher.
14:48 of 2nd period - Shot Hit the Post.
14:50 of 2nd period - Wrist shot by Darcy Hordichuk.
14:50 of 2nd period - Shot Misses the Net.
14:52 of 2nd period - Snap shot by Darcy Hordichuk.
14:52 of 2nd period - Stopped by Chad Johnson with a rebound.
15:12 of 2nd period - Snap shot by Kris Vernarsky.
15:12 of 2nd period - Stopped by Ondrej Pavelec without a rebound.
15:13 of 2nd period - Mikael Granlund wins face-off versus B.J. Crombeen in Senateurs zone.
15:18 of 2nd period - Wrist shot by Byron Bitz.
15:18 of 2nd period - Goal by Byron Bitz - Predators : 3 - Senateurs : 2.
15:19 of 2nd period - Ryan Kesler wins face-off versus Gilbert Brule in neutral zone.
15:28 of 2nd period - Wrist shot by Ryan Kesler.
15:28 of 2nd period - Stopped by Ondrej Pavelec without a rebound.
15:29 of 2nd period - Gilbert Brule wins face-off versus Niclas Bergfors in Senateurs zone.
15:31 of 2nd period - Minor Penalty to Dan Hamhuis for Tripping.
15:32 of 2nd period - Ryan Kesler wins face-off versus Brad Richards in Senateurs zone.
15:42 of 2nd period - Wrist shot by Alexander Ovechkin.
15:42 of 2nd period - Stopped by Ondrej Pavelec without a rebound.
15:43 of 2nd period - Brad Richards wins face-off versus Ryan Kesler in Senateurs zone.
17:31 of 2nd period - Penalty to Dan Hamhuis is over, Dan Hamhuis is back on ice.
17:53 of 2nd period - Brett Clark is hit by Brandon Dubinsky and loses puck.
18:41 of 2nd period - Ryan Bayda is hit by Chris Lawrence and loses puck.
19:17 of 2nd period - Off-side.
19:18 of 2nd period - Andy Miele wins face-off versus Brandon Dubinsky in neutral zone.
19:27 of 2nd period - Snap shot by Ryan Bayda.
19:27 of 2nd period - Stopped by Chad Johnson without a rebound.
19:28 of 2nd period - Brandon Dubinsky wins face-off versus Ryan Kesler in Predators zone.
19:29 of 2nd period - Snap shot by Milan Hejduk.
19:29 of 2nd period - Stopped by Chad Johnson with a rebound.
19:31 of 2nd period - Snap shot by Brandon Dubinsky.
19:31 of 2nd period - Stopped by Chad Johnson with a rebound.
19:33 of 2nd period - Slapshot by Kurtis Foster.
19:33 of 2nd period - Shot Blocked by John Moore.
19:35 of 2nd period - Slapshot by Ryan Bayda.
19:35 of 2nd period - Shot Misses the Net.
19:37 of 2nd period - Wrist shot by Ryan Bayda.
19:37 of 2nd period - Goal by Ryan Bayda - Predators : 3 - Senateurs : 3.
19:38 of 2nd period - Johan Franzen wins face-off versus Ryan Kesler in neutral zone.
Goals for this period are 2 for Predators vs 2 for Senateurs.
Shots for this period are 13 for Predators vs 9 for Senateurs.
3rd period
0:01 of 3rd period - Ryan Kesler wins face-off versus Gilbert Brule in neutral zone.
0:31 of 3rd period - Byron Bitz is hit by Brenden Morrow and loses puck.
0:37 of 3rd period - Icing by Alexander Edler.
0:38 of 3rd period - Mikael Granlund wins face-off versus Gilbert Brule in Predators zone.
0:38 of 3rd period - Mikael Granlund is hit by Thomas Vanek.
1:29 of 3rd period - Vitaly Vishnevsky is hit by Brett Clark and loses puck.
1:38 of 3rd period - Milan Hejduk is hit by Brett Clark and loses puck.
1:52 of 3rd period - Snap shot by Johan Franzen.
1:52 of 3rd period - Deflect By Gilbert Brule.
1:52 of 3rd period - Shot Blocked by Kris Vernarsky.
1:52 of 3rd period - Puck is out of play.
1:53 of 3rd period - Kris Vernarsky wins face-off versus Gilbert Brule in Predators zone.
2:07 of 3rd period - Icing by Gilbert Brule.
2:08 of 3rd period - Niclas Bergfors wins face-off versus Gilbert Brule in Senateurs zone.
2:36 of 3rd period - Minor Penalty to Kurtis Foster for Hooking.
2:37 of 3rd period - Brad Richards wins face-off versus Ryan Kesler in Senateurs zone.
2:50 of 3rd period - Wrist shot by Alexander Ovechkin.
2:50 of 3rd period - Shot Blocked by Vladimir Mihalik.
2:52 of 3rd period - Snap shot by Ryan Kesler.
2:52 of 3rd period - Shot Blocked by Thomas Vanek.
2:54 of 3rd period - Snap shot by Alexander Ovechkin.
2:54 of 3rd period - Stopped by Ondrej Pavelec with a rebound.
3:04 of 3rd period - Vladimir Mihalik is hit by Christian Ehrhoff and loses puck.
3:05 of 3rd period - Vladimir Mihalik from Senateurs is injured at 3:05 of 3rd period (Left Foot).
3:06 of 3rd period - Ryan Kesler wins face-off versus Brad Richards in Senateurs zone.
3:09 of 3rd period - Slapshot by Niclas Bergfors.
3:09 of 3rd period - Shot Misses the Net.
3:11 of 3rd period - Slapshot by Christian Ehrhoff.
3:11 of 3rd period - Shot Misses the Net.
3:13 of 3rd period - Snap shot by Alexander Ovechkin.
3:13 of 3rd period - Stopped by Ondrej Pavelec with a rebound.
3:15 of 3rd period - Slapshot by Christian Ehrhoff.
3:15 of 3rd period - Deflect By Alexander Ovechkin.
3:15 of 3rd period - Stopped by Ondrej Pavelec with a rebound.
3:17 of 3rd period - Slapshot by Ryan Kesler.
3:17 of 3rd period - Stopped by Ondrej Pavelec with a rebound.
3:19 of 3rd period - Slapshot by Christian Ehrhoff.
3:19 of 3rd period - Deflect By Alexander Ovechkin.
3:19 of 3rd period - Shot Misses the Net.
3:19 of 3rd period - Puck is out of play.
3:20 of 3rd period - Ryan Kesler wins face-off versus Brad Richards in Senateurs zone.
3:27 of 3rd period - Snap shot by Niclas Bergfors.
3:27 of 3rd period - Shot Blocked by Thomas Vanek.
4:36 of 3rd period - Penalty to Kurtis Foster is over, Kurtis Foster is back on ice.
4:42 of 3rd period - Brandon Dubinsky is hit by Alexander Steen and loses puck.
5:41 of 3rd period - Alexander Edler is hit by Vitaly Vishnevsky and loses puck.
5:56 of 3rd period - Snap shot by Ryan Bayda.
5:56 of 3rd period - Stopped by Chad Johnson without a rebound.
5:57 of 3rd period - Brandon Dubinsky wins face-off versus Andy Miele in Predators zone.
5:58 of 3rd period - Wrist shot by Ryan Bayda.
5:58 of 3rd period - Stopped by Chad Johnson with a rebound.
6:05 of 3rd period - Bobby Sanguinetti is hit by Milan Hejduk and loses puck.
6:08 of 3rd period - Snap shot by John Moore.
6:08 of 3rd period - Shot Misses the Net.
6:10 of 3rd period - Slapshot by John Moore.
6:10 of 3rd period - Stopped by Ondrej Pavelec with a rebound.
6:12 of 3rd period - Snap shot by Andy Miele.
6:12 of 3rd period - Shot Misses the Net.
6:18 of 3rd period - Minor Penalty to Dan Girardi for High sticking.
6:19 of 3rd period - Ryan Kesler wins face-off versus Brad Richards in Senateurs zone.
6:26 of 3rd period - Slapshot by Alexander Ovechkin.
6:26 of 3rd period - Deflect By Thomas Vanek.
6:26 of 3rd period - Goal by Alexander Ovechkin - Predators : 4 - Senateurs : 3.
6:27 of 3rd period - Gilbert Brule wins face-off versus Ryan Kesler in neutral zone.
6:34 of 3rd period - Wrist shot by Gilbert Brule.
6:34 of 3rd period - Stopped by Chad Johnson with a rebound.
6:54 of 3rd period - Mikael Granlund is hit by Dan Hamhuis and loses puck.
7:15 of 3rd period - Snap shot by James Van Riemsdyk.
7:15 of 3rd period - Shot Misses the Net.
7:17 of 3rd period - Snap shot by Alexander Steen.
7:17 of 3rd period - Stopped by Ondrej Pavelec with a rebound.
8:39 of 3rd period - Brandon Dubinsky is hit by David Jones and loses puck.
8:50 of 3rd period - Snap shot by David Jones.
8:50 of 3rd period - Shot Blocked by Brandon Dubinsky.
9:51 of 3rd period - Snap shot by David Jones.
9:51 of 3rd period - Stopped by Ondrej Pavelec with a rebound.
9:53 of 3rd period - Snap shot by David Jones.
9:53 of 3rd period - Shot Misses the Net.
9:55 of 3rd period - Wrist shot by Ryan Mcdonagh.
9:55 of 3rd period - Stopped by Ondrej Pavelec without a rebound.
9:56 of 3rd period - Mikael Granlund wins face-off versus Brad Richards in Senateurs zone.
10:13 of 3rd period - Icing by Ryan Mcdonagh.
10:14 of 3rd period - Brandon Dubinsky wins face-off versus Mikael Granlund in Predators zone.
10:15 of 3rd period - Wrist shot by Milan Hejduk.
10:15 of 3rd period - Shot Misses the Net.
10:17 of 3rd period - Wrist shot by Ryan Bayda.
10:17 of 3rd period - Stopped by Chad Johnson without a rebound.
10:18 of 3rd period - Ryan Kesler wins face-off versus Brandon Dubinsky in Predators zone.
10:18 of 3rd period - Ryan Kesler is hit by Brandon Dubinsky.
11:18 of 3rd period - Wrist shot by Blake Geoffrion.
11:18 of 3rd period - Stopped by Ondrej Pavelec with a rebound.
11:58 of 3rd period - Snap shot by Niclas Bergfors.
11:58 of 3rd period - Shot Blocked by Brad Richards.
12:00 of 3rd period - Wrist shot by Alexander Ovechkin.
12:00 of 3rd period - Shot Misses the Net.
12:14 of 3rd period - Snap shot by Chris Lawrence.
12:14 of 3rd period - Stopped by Ondrej Pavelec with a rebound.
12:16 of 3rd period - Wrist shot by Blake Geoffrion.
12:16 of 3rd period - Goal by Blake Geoffrion - Predators : 5 - Senateurs : 3.
12:17 of 3rd period - Johan Franzen wins face-off versus Ryan Kesler in neutral zone.
12:19 of 3rd period - Minor Penalty to Carlo Colaiacovo for Kneeing.
12:20 of 3rd period - Brad Richards wins face-off versus Ryan Kesler in Senateurs zone.
12:20 of 3rd period - Brad Richards is hit by Niclas Bergfors.
13:01 of 3rd period - Snap shot by Byron Bitz.
13:01 of 3rd period - Stopped by Ondrej Pavelec without a rebound.
13:02 of 3rd period - Ryan Kesler wins face-off versus Gilbert Brule in Senateurs zone.
13:16 of 3rd period - Off-side.
13:17 of 3rd period - Thomas Vanek wins face-off versus Mikael Granlund in neutral zone.
14:06 of 3rd period - Dan Girardi is hit by Byron Bitz.
14:19 of 3rd period - Penalty to Carlo Colaiacovo is over, Carlo Colaiacovo is back on ice.
14:32 of 3rd period - Slapshot by Alexander Steen.
14:32 of 3rd period - Stopped by Ondrej Pavelec without a rebound.
14:33 of 3rd period - Milan Hejduk wins face-off versus Mikael Granlund in Senateurs zone.
14:33 of 3rd period - Milan Hejduk is hit by Byron Bitz.
14:42 of 3rd period - Minor Penalty to Kurtis Foster for Slashing.
14:43 of 3rd period - Ryan Kesler wins face-off versus Brad Richards in Senateurs zone.
15:18 of 3rd period - Christian Ehrhoff is hit by Gilbert Brule and loses puck.
15:55 of 3rd period - Icing by Bobby Sanguinetti.
15:56 of 3rd period - Mikael Granlund wins face-off versus Gilbert Brule in Predators zone.
16:01 of 3rd period - Slapshot by Bobby Sanguinetti.
16:01 of 3rd period - Stopped by Ondrej Pavelec without a rebound.
16:02 of 3rd period - Mikael Granlund wins face-off versus Brad Richards in Senateurs zone.
16:06 of 3rd period - Minor Penalty to Brad Richards for High sticking.
16:07 of 3rd period - Niclas Bergfors wins face-off versus Thomas Vanek in Senateurs zone.
16:07 of 3rd period - Wrist shot by Alexander Ovechkin.
16:07 of 3rd period - Stopped by Ondrej Pavelec without a rebound.
16:08 of 3rd period - Thomas Vanek wins face-off versus Ryan Kesler in Senateurs zone.
16:17 of 3rd period - Slapshot by Vitaly Vishnevsky.
16:17 of 3rd period - Stopped by Chad Johnson with a rebound.
16:19 of 3rd period - Snap shot by Thomas Vanek.
16:19 of 3rd period - Stopped by Chad Johnson with a rebound.
16:42 of 3rd period - Penalty to Kurtis Foster is over, Kurtis Foster is back on ice.
18:06 of 3rd period - Penalty to Brad Richards is over, Brad Richards is back on ice.
18:39 of 3rd period - Wrist shot by Kris Vernarsky.
18:39 of 3rd period - Shot Hit the Post.
19:01 of 3rd period - Ryan Kesler is hit by Brad Richards and loses puck.
Goals for this period are 2 for Predators vs 0 for Senateurs.
Shots for this period are 16 for Predators vs 6 for Senateurs.
Back to the Top